Influenza vs Carnivores

Created - March 13, 2020 at 19:39

Goals
1 2 3 T
Influenza 0 1 1 2
Carnivores 0 1 3 4
Shots
1 2 3 T
Influenza 12 16 6 34
Carnivores 6 8 12 26

1st period

No Goal

Penalties :
Colton Sissons (VJB) for Holding (Minor) at 17:09

2nd period

1. Influenza , Tim Erixon 1 (Zac Dalpe 25, Paul Ladue 25) at 9:35 (PP)
2. Carnivores , Blake Geoffrion 39 (Anton Gustafsson 43, Josh Morrissey 13) at 12:13

Penalties :
T.J Brodie (Bre) for High sticking (Minor) at 8:48, Scott Laughton (Bre) for Hooking (Minor) at 12:44, Nicolas Kerdiles (Bre) for Tripping (Minor) at 19:17

3rd period

3. Carnivores , Lucas Wallmark 1 (Brett Connolly 7) at 3:34
4. Carnivores , Hunter Shinkaruk 8 (Christian Djoos 3, T.J Brodie 18) at 5:13
5. Influenza , Andre Burakovsky 44 (Luca Sbisa 21) at 5:21
6. Carnivores , Brett Connolly 8 (Hunter Shinkaruk 10, Mattias Backman 12) at 6:39

Penalties :
Justin Bailey (VJB) for Hooking (Minor) at 9:34, Brandon Montour (VJB) for Holding (Minor) at 12:55, Iiro Pakarinen (VJB) for Roughing (Minor) at 17:37

Goalie Stats

Tyson Sexsmith (VJB), 22 saves from 26 shots - (0.846), L, 5-8-0, 60:00 minutes
Niklas Svedberg (Bre), 32 saves from 34 shots - (0.941), W, 18-17-2, 60:00 minutes

Players Stats for Influenza

Player Name              G  A  P  +/- PIM S  H  SB GA TA FO     MP     PP MP  PK MP  
------------------------------------------------------------------------------------
Andre Burakovsky         1  0  1   0  0   6  0  0  0  1  2/3    20:53   3:35   1:41 
Bo Horvat                0  0  0   0  0   4  3  1  0  1  10/30  18:54   3:35   0:00 
Brandon Montour          0  0  0  -1  2   1  1  0  0  0  0/0    13:15   0:00   0:00 
Calvin de Haan           0  0  0  -1  0   4  2  4  3  0  0/0    27:26   3:30   4:43 
Colton Sissons           0  0  0  -2  2   0  1  0  0  1  3/9    15:22   0:00   1:37 
Dmitry Sinitsyn          0  0  0  -1  0   1  0  1  0  1  0/0    12:29   0:00   0:00 
Iiro Pakarinen           0  0  0   0  2   5  2  0  1  0  1/1    19:11   3:35   0:00 
Jacob Josefson           0  0  0   0  0   0  1  0  0  1  1/2     9:00   0:00   0:40 
Justin Bailey            0  0  0  -2  2   0  0  0  0  0  0/0    15:01   1:10   0:00 
Kasperi Kapanen          0  0  0  -1  0   0  3  2  0  0  0/0     9:10   0:00   0:00 
Luca Sbisa               0  1  1  -1  0   0  1  2  1  0  0/0    25:27   3:30   3:13 
Lucas Lessio             0  0  0  -2  0   2  1  0  1  0  0/1    15:06   0:00   1:22 
Nick Ritchie             0  0  0   0  0   1  0  0  0  0  1/1     7:46   0:00   0:00 
Paul Ladue               0  1  1  -1  0   1  0  2  0  1  0/0    22:04   1:15   4:43 
Ryan Dzingel             0  0  0  -1  0   2  1  1  0  0  0/0    14:55   1:10   4:09 
Tim Erixon               1  0  1  -1  0   3  2  1  1  0  0/0    20:12   1:15   3:13 
Tom Kuhnhackl            0  0  0   0  0   2  0  1  0  0  0/0    10:47   0:00   2:07 
Zac Dalpe                0  1  1  -1  0   2  3  0  0  0  9/15   15:02   1:10   4:16 

Players Stats for Carnivores

Player Name              G  A  P  +/- PIM S  H  SB GA TA FO     MP     PP MP  PK MP  
------------------------------------------------------------------------------------
Adam Almquist            0  0  0   2  0   0  0  0  0  0  0/0     6:36   0:00   0:00 
Anton Gustafsson         0  1  1   0  0   3  4  0  1  0  16/28  19:16   4:24   0:29 
Blake Geoffrion          1  0  1   0  0   5  1  0  1  0  2/4    20:23   4:01   0:58 
Brett Connolly           1  1  2   3  0   4  1  0  0  0  0/1     8:34   0:00   0:00 
Chris Lawrence           0  0  0   0  0   1  2  0  1  0  1/1    16:13   3:28   0:29 
Christian Djoos          0  1  1   2  0   0  0  2  0  0  0/0    10:54   0:00   1:42 
David Fischer            0  0  0  -1  0   0  1  3  0  2  0/0    26:45   4:03   3:03 
Hunter Shinkaruk         1  1  2   3  0   3  0  0  0  0  0/1    10:52   0:00   0:54 
Jeremy Welsh             0  0  0   0  0   0  0  0  0  2  0/0    13:01   3:28   0:00 
Joel Armia               0  0  0   0  0   1  0  1  0  0  0/0    19:10   4:04   0:00 
Josh Morrissey           0  1  1   0  0   1  0  0  1  0  0/0    15:45   3:53   0:00 
Lucas Wallmark           1  0  1   3  0   1  3  0  0  2  5/7     8:34   0:00   0:00 
Mark McNeill             0  0  0   0  0   1  0  1  0  0  0/0    11:02   0:24   0:00 
Markus Granlund          0  0  0   0  0   1  1  0  1  0  7/14   14:37   0:00   4:12 
Mat Clark                0  0  0  -1  0   1  1  4  0  1  0/0    26:45   4:03   3:03 
Mattias Backman          0  1  1   2  0   0  0  1  0  0  0/0     8:38   0:00   0:00 
Nicolas Kerdiles         0  0  0   0  2   0  3  0  0  0  0/0    15:51   0:04   2:28 
Oskar Lindblom           0  0  0   0  0   0  0  0  0  0  0/0     1:49   0:27   0:00 
Scott Laughton           0  0  0   0  2   1  2  2  1  0  4/6    15:51   3:28   0:00 
T.J Brodie               0  1  1   0  2   3  2  1  0  0  0/0    17:44   3:53   1:26 
Trevor Van Riemsdyk      0  0  0   2  0   0  0  0  0  0  0/0     6:52   0:00   0:16 

3 Stars

1 - Brett Connolly (Bre)
2 - Hunter Shinkaruk (Bre)
3 - Lucas Wallmark (Bre)

Power Play

Influenza - 1 on 3 Attempt(s) - 33.33%
Carnivores - 0 on 4 Attempt(s) - 0.00%

Penalty Kill

Influenza - 4 on 4 Attempt(s) - 100.00% - Score 0 goal in Penalty Kill
Carnivores - 2 on 3 Attempt(s) - 66.67% - Score 0 goal in Penalty Kill

Team Stat

Influenza - Hits : 21 - Faceoff Wins : 27 - Blocked Shots : 15 - Penalty Minutes : 8
Carnivores - Hits : 21 - Faceoff Wins : 35 - Blocked Shots : 15 - Penalty Minutes : 6

Official

Referees : Unknown
Linesman : Unknown

Game Notes

No Game Note

Finance

Level 1 -- Attendance: 1334 (66.70%) -- Ticket Income $53,360
Level 2 -- Attendance: 691 (69.10%) -- Ticket Income $13,820
Total Attendance: 2025 (67.50%)
Total Ticket Income: $67,180
Other Income: $3,359
Total Income: $70,539

Influenza

5 vs 5 Forward 
   Center                   Left Wing                Right Wing               Time % Phy DF OF 
 1 Bo Horvat                Andre Burakovsky         Iiro Pakarinen           40     1   2  2  
 2 Colton Sissons           Lucas Lessio             Justin Bailey            30     1   2  2  
 3 Zac Dalpe                Ryan Dzingel             Kasperi Kapanen          20     1   2  2  
 4 Jacob Josefson           Nick Ritchie             Tom Kuhnhackl            10     1   2  2  

5 vs 5 Defense 
   Defense                  Defense                                           Time % Phy DF OF 
 1 Calvin de Haan           Paul Ladue                                        40     1   2  2  
 2 Luca Sbisa               Tim Erixon                                        30     1   2  2  
 3 Dmitry Sinitsyn          Brandon Montour                                   20     1   2  2  
 4 Calvin de Haan           Luca Sbisa                                        10     1   2  2  

PowerPlay Forward 
   Center                   Left Wing                Right Wing               Time % Phy DF OF 
 1 Bo Horvat                Andre Burakovsky         Iiro Pakarinen           60     1   2  2  
 2 Zac Dalpe                Ryan Dzingel             Justin Bailey            40     1   2  2  

PowerPlay Defense
   Defense                  Defense                                           Time % Phy DF OF 
 1 Calvin de Haan           Luca Sbisa                                        60     1   2  2  
 2 Paul Ladue               Tim Erixon                                        40     1   2  2  

Penalty Kill 4 Players Forward 
   Center                   Wing                     Time % Phy DF OF 
 1 Zac Dalpe                Ryan Dzingel             60     1   2  2  
 2 Colton Sissons           Tom Kuhnhackl            40     1   2  2  

Penalty Kill 4 Players Defense
   Defense                  Defense                  Time % Phy DF OF 
 1 Calvin de Haan           Paul Ladue               60     1   2  2  
 2 Luca Sbisa               Tim Erixon               40     1   2  2  

Penalty Kill - 3 Players Forward 
   Forward                                           Time % Phy DF OF 
 1 Zac Dalpe                                         60     1   2  2  
 2 Colton Sissons                                    40     1   2  2  

Penalty Kill - 3 Players Defense
   Defense                  Defense                  Time % Phy DF OF 
 1 Calvin de Haan           Paul Ladue               60     1   2  2  
 2 Luca Sbisa               Tim Erixon               40     1   2  2  

4 vs 4 Forward 
   Center                   Wing                     Time % Phy DF OF 
 1 Bo Horvat                Andre Burakovsky         60     1   2  2  
 2 Zac Dalpe                Iiro Pakarinen           40     1   2  2  

4 vs 4 Defense
   Defense                  Defense                  Time % Phy DF OF 
 1 Calvin de Haan           Paul Ladue               60     1   2  2  
 2 Luca Sbisa               Tim Erixon               40     1   2  2  

Last Minutes Offensive
   Center                   Left Wing                Right Wing               Defense                  Defense                  
   Bo Horvat                Andre Burakovsky         Iiro Pakarinen           Calvin de Haan           Paul Ladue               

Last Minutes Defensive
   Center                   Left Wing                Right Wing               Defense                  Defense                  
   Zac Dalpe                Andre Burakovsky         Iiro Pakarinen           Calvin de Haan           Paul Ladue               

Goaltenders
Starting : Tyson Sexsmith           
Backup : Malcolm Subban           

Extra Forwards
Normal : Lucas Lessio, Iiro Pakarinen, Andre Burakovsky - PP : Lucas Lessio, Colton Sissons - PK : Andre Burakovsky
Extra Defensemen
Normal : Luca Sbisa, Tim Erixon, Calvin de Haan - PP : Brandon Montour - PK : Paul Ladue, Brandon Montour
Penalty Shots
Andre Burakovsky, Bo Horvat, Zac Dalpe, Justin Bailey, Calvin de Haan

Scratches
Jordan Schroeder (Healthy), Shane Prince (Healthy), Jeff Corbett (Healthy), Henri Ikonen (Healthy), Johan Larsson (Healthy)
Mitchell Moroz (Healthy), Josh Andrerson (Healthy), Jesse Graham (Healthy), Roland McKeown (Healthy), Jake Walman (Healthy)
Conner Bleackley (Healthy), Brycen Martin (Healthy), Jaden Lindo (Healthy), Jamie Phillips (Healthy)

Carnivores

5 vs 5 Forward 
   Center                   Left Wing                Right Wing               Time % Phy DF OF 
 1 Anton Gustafsson         Blake Geoffrion          Joel Armia               40     1   2  2  
 2 Scott Laughton           Nicolas Kerdiles         Chris Lawrence           30     1   2  2  
 3 Markus Granlund          Jeremy Welsh             Mark McNeill             20     1   2  2  
 4 Lucas Wallmark           Hunter Shinkaruk         Brett Connolly           10     1   2  2  

5 vs 5 Defense 
   Defense                  Defense                                           Time % Phy DF OF 
 1 David Fischer            Mat Clark                                         40     1   2  2  
 2 T.J Brodie               Josh Morrissey                                    30     1   2  2  
 3 Christian Djoos          Mattias Backman                                   20     1   2  2  
 4 Trevor Van Riemsdyk      Adam Almquist                                     10     1   2  2  

PowerPlay Forward 
   Center                   Left Wing                Right Wing               Time % Phy DF OF 
 1 Anton Gustafsson         Blake Geoffrion          Joel Armia               60     1   1  3  
 2 Scott Laughton           Jeremy Welsh             Chris Lawrence           40     1   1  3  

PowerPlay Defense
   Defense                  Defense                                           Time % Phy DF OF 
 1 David Fischer            Mat Clark                                         60     1   1  3  
 2 T.J Brodie               Josh Morrissey                                    40     1   1  3  

Penalty Kill 4 Players Forward 
   Center                   Wing                     Time % Phy DF OF 
 1 Markus Granlund          Nicolas Kerdiles         60     1   2  2  
 2 Anton Gustafsson         Chris Lawrence           40     1   2  2  

Penalty Kill 4 Players Defense
   Defense                  Defense                  Time % Phy DF OF 
 1 David Fischer            Mat Clark                60     1   3  1  
 2 Christian Djoos          T.J Brodie               40     1   3  1  

Penalty Kill - 3 Players Forward 
   Forward                                           Time % Phy DF OF 
 1 Anton Gustafsson                                  60     1   3  1  
 2 Chris Lawrence                                    40     1   3  1  

Penalty Kill - 3 Players Defense
   Defense                  Defense                  Time % Phy DF OF 
 1 David Fischer            Mat Clark                60     1   3  1  
 2 Christian Djoos          T.J Brodie               40     1   3  1  

4 vs 4 Forward 
   Center                   Wing                     Time % Phy DF OF 
 1 Anton Gustafsson         Blake Geoffrion          60     1   2  2  
 2 Scott Laughton           Chris Lawrence           40     1   2  2  

4 vs 4 Defense
   Defense                  Defense                  Time % Phy DF OF 
 1 David Fischer            Josh Morrissey           60     1   2  2  
 2 T.J Brodie               Josh Morrissey           40     1   2  2  

Last Minutes Offensive
   Center                   Left Wing                Right Wing               Defense                  Defense                  
   Anton Gustafsson         Blake Geoffrion          Joel Armia               Mat Clark                David Fischer            

Last Minutes Defensive
   Center                   Left Wing                Right Wing               Defense                  Defense                  
   Anton Gustafsson         Nicolas Kerdiles         Mark McNeill             Mat Clark                David Fischer            

Goaltenders
Starting : Niklas Svedberg          
Backup : Tristan Jarry            

Extra Forwards
Normal : Oskar Lindblom, Hunter Shinkaruk, Nicolas Kerdiles - PP : Oskar Lindblom, Jeremy Welsh - PK : Blake Geoffrion
Extra Defensemen
Normal : Josh Morrissey, Trevor Van Riemsdyk, Christian Djoos - PP : Josh Morrissey - PK : Trevor Van Riemsdyk, Christian Djoos
Penalty Shots
Blake Geoffrion, Anton Gustafsson, Oskar Lindblom, Jeremy Welsh, Markus Granlund

Scratches
Ryan Olsen (Healthy), Stanislav Galiev (Healthy), Mark MacMillan (Healthy), Troy Bourke (Healthy), Alexandre Mallet (Healthy)
Riley Barber (Healthy), Andreas Englund (Sprained Left Ankle Injury), Josh Wesley (Healthy), Linus Ullmark (Healthy)

% Time on Ice - Influenza

Lines # - Real PCT - Wanted PCT - Time Play
Normal Forward
1 - 34% - 40% - 15:58
2 - 30% - 30% - 14:25
3 - 19% - 20% - 9:10
4 - 16% - 10% - 7:46
Normal Defense
1 - 37% - 40% - 17:18
2 - 30% - 30% - 14:17
3 - 26% - 20% - 12:29
4 - 7% - 10% - 3:15
PP Forward
1 - 75% - 60% - 3:35
2 - 25% - 40% - 1:10
PP Defense
1 - 74% - 60% - 3:30
2 - 26% - 40% - 1:15
PK Forward
1 - 73% - 60% - 5:49
2 - 27% - 40% - 2:07
PK Defense
1 - 59% - 60% - 4:43
2 - 41% - 40% - 3:13
PK3 Forward
1 - 0% - 60%
2 - 0% - 40%
PK3 Defense
1 - 0% - 60%
2 - 0% - 40%
44 Forward
1 - 0% - 60%
2 - 0% - 40%
44 Defense
1 - 0% - 60%
2 - 0% - 40%
Last Minute Offensive  - 0:00
Last Minute Defensive  - 0:00
Total
Forward - 60:00
Defense - 60:00

% Time on Ice - Carnivores

Lines # - Real PCT - Wanted PCT - Time Play
Normal Forward
1 - 32% - 40% - 15:19
2 - 30% - 30% - 14:05
3 - 20% - 20% - 9:21
4 - 18% - 10% - 8:34
Normal Defense
1 - 42% - 40% - 19:39
2 - 26% - 30% - 12:26
3 - 18% - 20% - 8:38
4 - 14% - 10% - 6:36
PP Forward
1 - 56% - 60% - 4:28
2 - 44% - 40% - 3:28
PP Defense
1 - 51% - 60% - 4:03
2 - 49% - 40% - 3:53
PK Forward
1 - 90% - 60% - 4:16
2 - 10% - 40% - 0:29
PK Defense
1 - 64% - 60% - 3:03
2 - 36% - 40% - 1:42
PK3 Forward
1 - 0% - 60%
2 - 0% - 40%
PK3 Defense
1 - 0% - 60%
2 - 0% - 40%
44 Forward
1 - 0% - 60%
2 - 0% - 40%
44 Defense
1 - 0% - 60%
2 - 0% - 40%
Last Minute Offensive  - 0:00
Last Minute Defensive  - 0:00
Total
Forward - 60:00
Defense - 60:00

Play-by-Play

1st period


0:01 of 1st period - Bo Horvat wins face-off versus Anton Gustafsson in neutral zone.
0:04 of 1st period - Slapshot by Iiro Pakarinen.
0:04 of 1st period - Stopped by Niklas Svedberg with a rebound.
0:06 of 1st period - Slapshot by Paul Ladue.
0:06 of 1st period - Stopped by Niklas Svedberg with a rebound.
0:08 of 1st period - Wrist shot by Calvin de Haan.
0:08 of 1st period - Stopped by Niklas Svedberg with a rebound.
0:32 of 1st period - Luca Sbisa is hit by Nicolas Kerdiles and loses puck.
0:46 of 1st period - Off-side.
0:47 of 1st period - Zac Dalpe wins face-off versus Markus Granlund in neutral zone.
1:44 of 1st period - Snap shot by Bo Horvat.
1:44 of 1st period - Shot Blocked by Joel Armia.
1:56 of 1st period - Christian Djoos is hit by Tim Erixon and loses puck.
2:05 of 1st period - Snap shot by Lucas Lessio.
2:05 of 1st period - Stopped by Niklas Svedberg with a rebound.
2:39 of 1st period - T.J Brodie is hit by Bo Horvat.
2:55 of 1st period - Luca Sbisa is hit by T.J Brodie and loses puck.
3:20 of 1st period - Wrist shot by Scott Laughton.
3:20 of 1st period - Shot Hit the Post.
3:22 of 1st period - Snap shot by Scott Laughton.
3:22 of 1st period - Shot Misses the Net.
3:46 of 1st period - Wrist shot by Tom Kuhnhackl.
3:46 of 1st period - Stopped by Niklas Svedberg without a rebound.
3:47 of 1st period - Bo Horvat wins face-off versus Anton Gustafsson in Carnivores zone.
3:48 of 1st period - Wrist shot by Iiro Pakarinen.
3:48 of 1st period - Shot Blocked by David Fischer.
4:00 of 1st period - Snap shot by Bo Horvat.
4:00 of 1st period - Stopped by Niklas Svedberg with a rebound.
4:18 of 1st period - Off-side.
4:19 of 1st period - Colton Sissons wins face-off versus Scott Laughton in neutral zone.
4:35 of 1st period - Snap shot by Scott Laughton.
4:35 of 1st period - Stopped by Tyson Sexsmith with a rebound.
4:51 of 1st period - Snap shot by Blake Geoffrion.
4:51 of 1st period - Deflect By Joel Armia.
4:51 of 1st period - Shot Blocked by Bo Horvat.
4:51 of 1st period - Puck is out of play.
4:52 of 1st period - Bo Horvat wins face-off versus Blake Geoffrion in Influenza zone.
5:17 of 1st period - Colton Sissons is hit by Markus Granlund.
5:25 of 1st period - Wrist shot by Lucas Lessio.
5:25 of 1st period - Shot Misses the Net.
5:27 of 1st period - Slapshot by Lucas Lessio.
5:27 of 1st period - Deflect By Justin Bailey.
5:27 of 1st period - Shot Misses the Net.
5:27 of 1st period - Puck is out of play.
5:28 of 1st period - Scott Laughton wins face-off versus Bo Horvat in Carnivores zone.
5:28 of 1st period - Scott Laughton is hit by Bo Horvat.
6:06 of 1st period - Snap shot by Blake Geoffrion.
6:06 of 1st period - Shot Misses the Net.
6:08 of 1st period - Wrist shot by Blake Geoffrion.
6:08 of 1st period - Shot Blocked by Luca Sbisa.
6:46 of 1st period - Wrist shot by Nick Ritchie.
6:46 of 1st period - Stopped by Niklas Svedberg without a rebound.
6:47 of 1st period - Bo Horvat wins face-off versus Anton Gustafsson in Carnivores zone.
7:00 of 1st period - Slapshot by Andre Burakovsky.
7:00 of 1st period - Shot Misses the Net.
7:34 of 1st period - Mattias Backman is hit by Kasperi Kapanen and loses puck.
7:57 of 1st period - Mark McNeill is hit by Jacob Josefson and loses puck.
8:04 of 1st period - Snap shot by Nick Ritchie.
8:04 of 1st period - Shot Blocked by Mattias Backman.
8:06 of 1st period - Slapshot by Dmitry Sinitsyn.
8:06 of 1st period - Stopped by Niklas Svedberg with a rebound.
8:08 of 1st period - Snap shot by Tom Kuhnhackl.
8:08 of 1st period - Stopped by Niklas Svedberg without a rebound.
8:09 of 1st period - Anton Gustafsson wins face-off versus Bo Horvat in Carnivores zone.
10:06 of 1st period - Colton Sissons is hit by Lucas Wallmark and loses puck.
11:24 of 1st period - Lucas Wallmark is hit by Iiro Pakarinen and loses puck.
11:29 of 1st period - Snap shot by Iiro Pakarinen.
11:29 of 1st period - Shot Misses the Net.
11:45 of 1st period - Jeremy Welsh is hit by Zac Dalpe and loses puck.
11:55 of 1st period - Off-side.
11:56 of 1st period - Anton Gustafsson wins face-off versus Bo Horvat in neutral zone.
12:05 of 1st period - Snap shot by Anton Gustafsson.
12:05 of 1st period - Stopped by Tyson Sexsmith without a rebound.
12:06 of 1st period - Bo Horvat wins face-off versus Anton Gustafsson in Influenza zone.
12:08 of 1st period - Icing by Iiro Pakarinen.
12:09 of 1st period - Andre Burakovsky wins face-off versus Anton Gustafsson in Influenza zone.
13:15 of 1st period - Jeremy Welsh is hit by Kasperi Kapanen and loses puck.
13:26 of 1st period - Calvin de Haan is hit by Anton Gustafsson.
13:37 of 1st period - Wrist shot by Anton Gustafsson.
13:37 of 1st period - Deflect By Blake Geoffrion.
13:37 of 1st period - Shot Blocked by Paul Ladue.
13:37 of 1st period - Puck is out of play.
13:38 of 1st period - Lucas Wallmark wins face-off versus Bo Horvat in Influenza zone.
13:39 of 1st period - Wrist shot by Hunter Shinkaruk.
13:39 of 1st period - Stopped by Tyson Sexsmith without a rebound.
13:40 of 1st period - Lucas Wallmark wins face-off versus Andre Burakovsky in Influenza zone.
14:35 of 1st period - Snap shot by Markus Granlund.
14:35 of 1st period - Shot Blocked by Calvin de Haan.
14:37 of 1st period - Slapshot by Josh Morrissey.
14:37 of 1st period - Stopped by Tyson Sexsmith without a rebound.
14:38 of 1st period - Anton Gustafsson wins face-off versus Bo Horvat in Influenza zone.
15:03 of 1st period - Zac Dalpe is hit by Nicolas Kerdiles and loses puck.
15:29 of 1st period - Off-side.
15:30 of 1st period - Anton Gustafsson wins face-off versus Bo Horvat in neutral zone.
15:35 of 1st period - Wrist shot by Blake Geoffrion.
15:35 of 1st period - Stopped by Tyson Sexsmith with a rebound.
16:09 of 1st period - Wrist shot by Nicolas Kerdiles.
16:09 of 1st period - Deflect By Chris Lawrence.
16:09 of 1st period - Shot Blocked by Tim Erixon.
16:09 of 1st period - Puck is out of play.
16:10 of 1st period - Markus Granlund wins face-off versus Zac Dalpe in Influenza zone.
16:23 of 1st period - Wrist shot by Mark McNeill.
16:23 of 1st period - Stopped by Tyson Sexsmith with a rebound.
16:25 of 1st period - Wrist shot by Markus Granlund.
16:25 of 1st period - Shot Misses the Net.
17:01 of 1st period - Wrist shot by Chris Lawrence.
17:01 of 1st period - Shot Misses the Net.
17:03 of 1st period - Slapshot by Scott Laughton.
17:03 of 1st period - Shot Misses the Net.
17:09 of 1st period - Minor Penalty to Colton Sissons for Holding.
17:10 of 1st period - Zac Dalpe wins face-off versus Anton Gustafsson in Influenza zone.
19:09 of 1st period - Penalty to Colton Sissons is over, Colton Sissons is back on ice.
19:33 of 1st period - Justin Bailey is hit by T.J Brodie.
19:44 of 1st period - Icing by Brett Connolly.
19:45 of 1st period - Jacob Josefson wins face-off versus Lucas Wallmark in Carnivores zone.
19:50 of 1st period - Wrist shot by Andre Burakovsky.
19:50 of 1st period - Stopped by Niklas Svedberg with a rebound.
19:52 of 1st period - Slapshot by Bo Horvat.
19:52 of 1st period - Shot Misses the Net.
19:54 of 1st period - Slapshot by Tim Erixon.
19:54 of 1st period - Stopped by Niklas Svedberg with a rebound.
19:56 of 1st period - Snap shot by Andre Burakovsky.
19:56 of 1st period - Stopped by Niklas Svedberg without a rebound.
19:57 of 1st period - Anton Gustafsson wins face-off versus Colton Sissons in Carnivores zone.
Goals for this period are 0 for Influenza vs 0 for Carnivores.
Shots for this period are 12 for Influenza vs 6 for Carnivores.

2nd period


0:01 of 2nd period - Anton Gustafsson wins face-off versus Bo Horvat in neutral zone.
1:13 of 2nd period - Backhand shot by Hunter Shinkaruk.
1:13 of 2nd period - Stopped by Tyson Sexsmith without a rebound.
1:14 of 2nd period - Lucas Wallmark wins face-off versus Jacob Josefson in Influenza zone.
1:25 of 2nd period - Snap shot by Brett Connolly.
1:25 of 2nd period - Shot Blocked by Tom Kuhnhackl.
1:53 of 2nd period - Snap shot by Brett Connolly.
1:53 of 2nd period - Stopped by Tyson Sexsmith with a rebound.
2:27 of 2nd period - Backhand shot by Brett Connolly.
2:27 of 2nd period - Stopped by Tyson Sexsmith without a rebound.
2:28 of 2nd period - Bo Horvat wins face-off versus Anton Gustafsson in Influenza zone.
2:37 of 2nd period - Slapshot by Iiro Pakarinen.
2:37 of 2nd period - Shot Blocked by David Fischer.
2:39 of 2nd period - Snap shot by Iiro Pakarinen.
2:39 of 2nd period - Stopped by Niklas Svedberg without a rebound.
2:40 of 2nd period - Anton Gustafsson wins face-off versus Bo Horvat in Carnivores zone.
3:17 of 2nd period - Snap shot by Lucas Lessio.
3:17 of 2nd period - Shot Blocked by Scott Laughton.
3:33 of 2nd period - Jeremy Welsh is hit by Zac Dalpe and loses puck.
4:03 of 2nd period - Off-side.
4:04 of 2nd period - Zac Dalpe wins face-off versus Scott Laughton in neutral zone.
4:09 of 2nd period - Wrist shot by Zac Dalpe.
4:09 of 2nd period - Stopped by Niklas Svedberg with a rebound.
4:11 of 2nd period - Wrist shot by Ryan Dzingel.
4:11 of 2nd period - Deflect By Kasperi Kapanen.
4:11 of 2nd period - Deflect By Scott Laughton.
4:11 of 2nd period - Shot Misses the Net.
4:11 of 2nd period - Puck is out of play.
4:12 of 2nd period - Anton Gustafsson wins face-off versus Bo Horvat in Carnivores zone.
4:27 of 2nd period - Snap shot by Blake Geoffrion.
4:27 of 2nd period - Stopped by Tyson Sexsmith without a rebound.
4:28 of 2nd period - Chris Lawrence wins face-off versus Colton Sissons in Influenza zone.
4:55 of 2nd period - David Fischer is hit by Iiro Pakarinen and loses puck.
5:04 of 2nd period - Slapshot by Andre Burakovsky.
5:04 of 2nd period - Shot Blocked by Mat Clark.
5:21 of 2nd period - David Fischer is hit by Calvin de Haan and loses puck.
5:29 of 2nd period - Icing by David Fischer.
5:30 of 2nd period - Colton Sissons wins face-off versus Markus Granlund in Carnivores zone.
5:35 of 2nd period - Snap shot by Lucas Lessio.
5:35 of 2nd period - Shot Blocked by Mark McNeill.
5:37 of 2nd period - Slapshot by Brandon Montour.
5:37 of 2nd period - Deflect By Mat Clark.
5:37 of 2nd period - Stopped by Niklas Svedberg with a rebound.
6:03 of 2nd period - Snap shot by Blake Geoffrion.
6:03 of 2nd period - Stopped by Tyson Sexsmith with a rebound.
6:14 of 2nd period - Icing by Anton Gustafsson.
6:15 of 2nd period - Anton Gustafsson wins face-off versus Zac Dalpe in Carnivores zone.
6:15 of 2nd period - Anton Gustafsson is hit by Kasperi Kapanen.
6:24 of 2nd period - Off-side.
6:25 of 2nd period - Scott Laughton wins face-off versus Bo Horvat in neutral zone.
6:33 of 2nd period - Slapshot by Calvin de Haan.
6:33 of 2nd period - Shot Misses the Net.
6:35 of 2nd period - Wrist shot by Andre Burakovsky.
6:35 of 2nd period - Stopped by Niklas Svedberg with a rebound.
6:58 of 2nd period - Wrist shot by Blake Geoffrion.
6:58 of 2nd period - Shot Misses the Net.
7:00 of 2nd period - Wrist shot by Joel Armia.
7:00 of 2nd period - Shot Misses the Net.
7:02 of 2nd period - Slapshot by T.J Brodie.
7:02 of 2nd period - Stopped by Tyson Sexsmith with a rebound.
7:18 of 2nd period - Snap shot by Markus Granlund.
7:18 of 2nd period - Shot Misses the Net.
7:20 of 2nd period - Slapshot by Jeremy Welsh.
7:20 of 2nd period - Shot Blocked by Kasperi Kapanen.
7:22 of 2nd period - Wrist shot by Markus Granlund.
7:22 of 2nd period - Shot Misses the Net.
8:02 of 2nd period - Bo Horvat is hit by Scott Laughton and loses puck.
8:48 of 2nd period - Minor Penalty to T.J Brodie for High sticking.
8:49 of 2nd period - Markus Granlund wins face-off versus Bo Horvat in Carnivores zone.
9:06 of 2nd period - Nicolas Kerdiles is hit by Calvin de Haan and loses puck.
9:23 of 2nd period - Snap shot by Calvin de Haan.
9:23 of 2nd period - Deflect By Zac Dalpe.
9:23 of 2nd period - Shot Blocked by Christian Djoos.
9:23 of 2nd period - Puck is out of play.
9:24 of 2nd period - Markus Granlund wins face-off versus Zac Dalpe in Carnivores zone.
9:35 of 2nd period - Slapshot by Tim Erixon.
9:35 of 2nd period - Goal by Tim Erixon - Influenza : 1 - Carnivores : 0.
9:36 of 2nd period - Anton Gustafsson wins face-off versus Bo Horvat in neutral zone.
10:43 of 2nd period - Icing by Luca Sbisa.
10:44 of 2nd period - Nick Ritchie wins face-off versus Lucas Wallmark in Influenza zone.
10:59 of 2nd period - Slapshot by Calvin de Haan.
10:59 of 2nd period - Stopped by Niklas Svedberg without a rebound.
11:00 of 2nd period - Bo Horvat wins face-off versus Anton Gustafsson in Carnivores zone.
11:14 of 2nd period - Slapshot by Iiro Pakarinen.
11:14 of 2nd period - Stopped by Niklas Svedberg without a rebound.
11:15 of 2nd period - Scott Laughton wins face-off versus Colton Sissons in Carnivores zone.
12:13 of 2nd period - Backhand shot by Blake Geoffrion.
12:13 of 2nd period - Goal by Blake Geoffrion - Influenza : 1 - Carnivores : 1.
12:14 of 2nd period - Bo Horvat wins face-off versus Anton Gustafsson in neutral zone.
12:44 of 2nd period - Minor Penalty to Scott Laughton for Hooking.
12:45 of 2nd period - Markus Granlund wins face-off versus Bo Horvat in Carnivores zone.
13:10 of 2nd period - Slapshot by Zac Dalpe.
13:10 of 2nd period - Stopped by Niklas Svedberg without a rebound.
13:11 of 2nd period - Zac Dalpe wins face-off versus Markus Granlund in Carnivores zone.
13:16 of 2nd period - Wrist shot by Ryan Dzingel.
13:16 of 2nd period - Stopped by Niklas Svedberg without a rebound.
13:17 of 2nd period - Zac Dalpe wins face-off versus Markus Granlund in Carnivores zone.
13:20 of 2nd period - Slapshot by Ryan Dzingel.
13:20 of 2nd period - Stopped by Niklas Svedberg without a rebound.
13:21 of 2nd period - Iiro Pakarinen wins face-off versus Markus Granlund in Carnivores zone.
13:22 of 2nd period - Wrist shot by Andre Burakovsky.
13:22 of 2nd period - Shot Misses the Net.
13:24 of 2nd period - Wrist shot by Andre Burakovsky.
13:24 of 2nd period - Stopped by Niklas Svedberg without a rebound.
13:25 of 2nd period - Andre Burakovsky wins face-off versus Markus Granlund in Carnivores zone.
14:42 of 2nd period - Snap shot by Calvin de Haan.
14:42 of 2nd period - Shot Blocked by T.J Brodie.
14:44 of 2nd period - Penalty to Scott Laughton is over, Scott Laughton is back on ice.
14:44 of 2nd period - Wrist shot by Bo Horvat.
14:44 of 2nd period - Stopped by Niklas Svedberg with a rebound.
14:46 of 2nd period - Snap shot by Bo Horvat.
14:46 of 2nd period - Shot Misses the Net.
14:48 of 2nd period - Slapshot by Calvin de Haan.
14:48 of 2nd period - Stopped by Niklas Svedberg with a rebound.
14:54 of 2nd period - Snap shot by Bo Horvat.
14:54 of 2nd period - Stopped by Niklas Svedberg without a rebound.
14:55 of 2nd period - Anton Gustafsson wins face-off versus Colton Sissons in Carnivores zone.
14:55 of 2nd period - Anton Gustafsson is hit by Brandon Montour.
15:01 of 2nd period - Mat Clark is hit by Colton Sissons and loses puck.
15:20 of 2nd period - Zac Dalpe is hit by Brett Connolly and loses puck.
15:58 of 2nd period - Tom Kuhnhackl is hit by Scott Laughton and loses puck.
16:26 of 2nd period - Snap shot by Lucas Lessio.
16:26 of 2nd period - Stopped by Niklas Svedberg with a rebound.
16:34 of 2nd period - Snap shot by Lucas Lessio.
16:34 of 2nd period - Shot Misses the Net.
16:52 of 2nd period - Snap shot by Brett Connolly.
16:52 of 2nd period - Stopped by Tyson Sexsmith without a rebound.
16:53 of 2nd period - Colton Sissons wins face-off versus Brett Connolly in Influenza zone.
18:15 of 2nd period - Wrist shot by Iiro Pakarinen.
18:15 of 2nd period - Stopped by Niklas Svedberg with a rebound.
18:24 of 2nd period - Off-side.
18:25 of 2nd period - Lucas Wallmark wins face-off versus Colton Sissons in neutral zone.
18:33 of 2nd period - Off-side.
18:34 of 2nd period - Anton Gustafsson wins face-off versus Bo Horvat in neutral zone.
19:00 of 2nd period - Chris Lawrence is hit by Lucas Lessio and loses puck.
19:17 of 2nd period - Minor Penalty to Nicolas Kerdiles for Tripping.
19:18 of 2nd period - Markus Granlund wins face-off versus Bo Horvat in Carnivores zone.
19:46 of 2nd period - Off-side.
19:47 of 2nd period - Zac Dalpe wins face-off versus Markus Granlund in neutral zone.
Goals for this period are 1 for Influenza vs 1 for Carnivores.
Shots for this period are 16 for Influenza vs 8 for Carnivores.

3rd period


0:01 of 3rd period - Markus Granlund wins face-off versus Bo Horvat in neutral zone.
0:24 of 3rd period - Bo Horvat is hit by David Fischer and loses puck.
1:00 of 3rd period - Slapshot by Tim Erixon.
1:00 of 3rd period - Shot Misses the Net.
1:02 of 3rd period - Slapshot by Bo Horvat.
1:02 of 3rd period - Stopped by Niklas Svedberg without a rebound.
1:03 of 3rd period - Zac Dalpe wins face-off versus Blake Geoffrion in Carnivores zone.
1:17 of 3rd period - Penalty to Nicolas Kerdiles is over, Nicolas Kerdiles is back on ice.
1:50 of 3rd period - Wrist shot by Anton Gustafsson.
1:50 of 3rd period - Shot Misses the Net.
1:52 of 3rd period - Wrist shot by Anton Gustafsson.
1:52 of 3rd period - Shot Misses the Net.
1:54 of 3rd period - Wrist shot by Anton Gustafsson.
1:54 of 3rd period - Shot Misses the Net.
2:42 of 3rd period - Snap shot by Anton Gustafsson.
2:42 of 3rd period - Stopped by Tyson Sexsmith with a rebound.
3:16 of 3rd period - Adam Almquist is hit by Tim Erixon and loses puck.
3:27 of 3rd period - Colton Sissons is hit by Lucas Wallmark and loses puck.
3:32 of 3rd period - Snap shot by Brett Connolly.
3:32 of 3rd period - Shot Misses the Net.
3:34 of 3rd period - Snap shot by Lucas Wallmark.
3:34 of 3rd period - Goal by Lucas Wallmark - Influenza : 1 - Carnivores : 2.
3:35 of 3rd period - Bo Horvat wins face-off versus Anton Gustafsson in neutral zone.
3:40 of 3rd period - Wrist shot by Andre Burakovsky.
3:40 of 3rd period - Shot Misses the Net.
3:42 of 3rd period - Wrist shot by Andre Burakovsky.
3:42 of 3rd period - Shot Blocked by David Fischer.
3:44 of 3rd period - Slapshot by Tim Erixon.
3:44 of 3rd period - Shot Blocked by Mat Clark.
3:46 of 3rd period - Slapshot by Tim Erixon.
3:46 of 3rd period - Stopped by Niklas Svedberg with a rebound.
3:48 of 3rd period - Wrist shot by Iiro Pakarinen.
3:48 of 3rd period - Stopped by Niklas Svedberg with a rebound.
4:06 of 3rd period - Wrist shot by Colton Sissons.
4:06 of 3rd period - Shot Blocked by Scott Laughton.
4:08 of 3rd period - Slapshot by Calvin de Haan.
4:08 of 3rd period - Stopped by Niklas Svedberg with a rebound.
4:10 of 3rd period - Snap shot by Justin Bailey.
4:10 of 3rd period - Shot Misses the Net.
4:20 of 3rd period - Slapshot by Mat Clark.
4:20 of 3rd period - Deflect By Markus Granlund.
4:20 of 3rd period - Stopped by Tyson Sexsmith with a rebound.
4:30 of 3rd period - Snap shot by Zac Dalpe.
4:30 of 3rd period - Shot Blocked by Mat Clark.
4:45 of 3rd period - Slapshot by Mat Clark.
4:45 of 3rd period - Stopped by Tyson Sexsmith without a rebound.
4:46 of 3rd period - Lucas Wallmark wins face-off versus Bo Horvat in Influenza zone.
5:07 of 3rd period - Slapshot by T.J Brodie.
5:07 of 3rd period - Stopped by Tyson Sexsmith with a rebound.
5:09 of 3rd period - Snap shot by Christian Djoos.
5:09 of 3rd period - Shot Blocked by Luca Sbisa.
5:11 of 3rd period - Slapshot by Hunter Shinkaruk.
5:11 of 3rd period - Shot Misses the Net.
5:13 of 3rd period - Snap shot by Hunter Shinkaruk.
5:13 of 3rd period - Goal by Hunter Shinkaruk - Influenza : 1 - Carnivores : 3.
5:14 of 3rd period - Blake Geoffrion wins face-off versus Bo Horvat in neutral zone.
5:21 of 3rd period - Wrist shot by Andre Burakovsky.
5:21 of 3rd period - Goal by Andre Burakovsky - Influenza : 2 - Carnivores : 3.
5:22 of 3rd period - Anton Gustafsson wins face-off versus Bo Horvat in neutral zone.
6:15 of 3rd period - Lucas Lessio is hit by Chris Lawrence.
6:37 of 3rd period - Wrist shot by Brett Connolly.
6:37 of 3rd period - Shot Blocked by Kasperi Kapanen.
6:39 of 3rd period - Wrist shot by Hunter Shinkaruk.
6:39 of 3rd period - Deflect By Brett Connolly.
6:39 of 3rd period - Goal by Brett Connolly - Influenza : 2 - Carnivores : 4.
6:40 of 3rd period - Blake Geoffrion wins face-off versus Colton Sissons in neutral zone.
7:26 of 3rd period - Slapshot by T.J Brodie.
7:26 of 3rd period - Stopped by Tyson Sexsmith without a rebound.
7:27 of 3rd period - Markus Granlund wins face-off versus Zac Dalpe in Influenza zone.
7:34 of 3rd period - Wrist shot by Jeremy Welsh.
7:34 of 3rd period - Shot Misses the Net.
7:36 of 3rd period - Snap shot by Mark McNeill.
7:36 of 3rd period - Shot Misses the Net.
7:42 of 3rd period - Snap shot by Markus Granlund.
7:42 of 3rd period - Deflect By Jeremy Welsh.
7:42 of 3rd period - Shot Misses the Net.
7:42 of 3rd period - Puck is out of play.
7:43 of 3rd period - Anton Gustafsson wins face-off versus Bo Horvat in Influenza zone.
7:44 of 3rd period - Slapshot by Blake Geoffrion.
7:44 of 3rd period - Stopped by Tyson Sexsmith with a rebound.
8:33 of 3rd period - Wrist shot by Markus Granlund.
8:33 of 3rd period - Shot Blocked by Calvin de Haan.
9:07 of 3rd period - Backhand shot by Blake Geoffrion.
9:07 of 3rd period - Shot Blocked by Dmitry Sinitsyn.
9:15 of 3rd period - Slapshot by Andre Burakovsky.
9:15 of 3rd period - Stopped by Niklas Svedberg with a rebound.
9:34 of 3rd period - Minor Penalty to Justin Bailey for Hooking.
9:35 of 3rd period - Anton Gustafsson wins face-off versus Zac Dalpe in Influenza zone.
9:41 of 3rd period - Snap shot by Blake Geoffrion.
9:41 of 3rd period - Shot Blocked by Calvin de Haan.
9:43 of 3rd period - Slapshot by T.J Brodie.
9:43 of 3rd period - Shot Blocked by Calvin de Haan.
9:45 of 3rd period - Snap shot by Anton Gustafsson.
9:45 of 3rd period - Stopped by Tyson Sexsmith with a rebound.
9:47 of 3rd period - Snap shot by Anton Gustafsson.
9:47 of 3rd period - Shot Misses the Net.
9:49 of 3rd period - Slapshot by Josh Morrissey.
9:49 of 3rd period - Shot Blocked by Paul Ladue.
9:51 of 3rd period - Wrist shot by Joel Armia.
9:51 of 3rd period - Stopped by Tyson Sexsmith without a rebound.
9:52 of 3rd period - Anton Gustafsson wins face-off versus Zac Dalpe in Influenza zone.
10:03 of 3rd period - Snap shot by Joel Armia.
10:03 of 3rd period - Shot Blocked by Ryan Dzingel.
10:19 of 3rd period - Scott Laughton is hit by Zac Dalpe and loses puck.
11:19 of 3rd period - Icing by Scott Laughton.
11:20 of 3rd period - Scott Laughton wins face-off versus Lucas Lessio in Carnivores zone.
11:34 of 3rd period - Penalty to Justin Bailey is over, Justin Bailey is back on ice.
11:39 of 3rd period - Justin Bailey is hit by Lucas Wallmark and loses puck.
12:09 of 3rd period - Tim Erixon is hit by Nicolas Kerdiles and loses puck.
12:20 of 3rd period - Tom Kuhnhackl is hit by Anton Gustafsson and loses puck.
12:55 of 3rd period - Minor Penalty to Brandon Montour for Holding.
12:56 of 3rd period - Zac Dalpe wins face-off versus Anton Gustafsson in Influenza zone.
13:26 of 3rd period - Snap shot by Chris Lawrence.
13:26 of 3rd period - Stopped by Tyson Sexsmith with a rebound.
13:44 of 3rd period - Anton Gustafsson is hit by Luca Sbisa and loses puck.
14:27 of 3rd period - Paul Ladue is hit by Blake Geoffrion and loses puck.
14:55 of 3rd period - Penalty to Brandon Montour is over, Brandon Montour is back on ice.
15:11 of 3rd period - Slapshot by Tom Kuhnhackl.
15:11 of 3rd period - Shot Blocked by Christian Djoos.
15:30 of 3rd period - Luca Sbisa is hit by Chris Lawrence.
16:02 of 3rd period - Adam Almquist is hit by Bo Horvat and loses puck.
16:33 of 3rd period - Blake Geoffrion is hit by Ryan Dzingel and loses puck.
17:37 of 3rd period - Minor Penalty to Iiro Pakarinen for Roughing.
17:38 of 3rd period - Zac Dalpe wins face-off versus Anton Gustafsson in Influenza zone.
17:38 of 3rd period - Zac Dalpe is hit by Anton Gustafsson.
17:48 of 3rd period - Paul Ladue is hit by Mat Clark and loses puck.
19:10 of 3rd period - Tom Kuhnhackl is hit by Anton Gustafsson and loses puck.
19:37 of 3rd period - Penalty to Iiro Pakarinen is over, Iiro Pakarinen is back on ice.
19:52 of 3rd period - Snap shot by Lucas Lessio.
19:52 of 3rd period - Shot Blocked by Mat Clark.
19:54 of 3rd period - Snap shot by Lucas Lessio.
19:54 of 3rd period - Deflect By David Fischer.
19:54 of 3rd period - Shot Misses the Net.
19:54 of 3rd period - Puck is out of play.
19:55 of 3rd period - Bo Horvat wins face-off versus Hunter Shinkaruk in Carnivores zone.
Goals for this period are 1 for Influenza vs 3 for Carnivores.
Shots for this period are 6 for Influenza vs 12 for Carnivores.